 Dungeon Crawl Stone Soup version 0.32-a0-938-g40ac7a0f4d (webtiles) character file.

Game seed: 2416337029419661368

231 CraigForest the Ruffian (level 5, -2/52 HPs)
             Began as a Troll Fighter on Mar 17, 2024.
             Slain by an ogre
             ... wielding a +0 giant club
              (28 damage)
             ... on level 4 of the Dungeon on Apr 15, 2024.
             The game lasted 00:17:15 (2791 turns).

CraigForest the Ruffian (Troll Fighter)             Turns: 2791, Time: 00:17:16

Health: -2/52      AC:  4    Str: 26    XL:     5   Next: 72%
Magic:  4/4        EV:  8    Int:  4    God:
Gold:   211        SH:  7    Dex:  9    Spells: 4/4 levels left

rFire   + .          .
                       - Unarmed
rCold   . . .        b - +0 kite shield
rNeg    . . .        a - +0 robe
rPois   .            (helmet restricted)
rElec   .            (no cloak)
rCorr   .            (gloves unavailable)
SInv    .            (boots unavailable)
Will    .....        (no amulet)
Stlth   +            h - ring of protection from fire
HPRegen 1.08/turn    (no ring)
MPRegen 0.09/turn

%: no passive effects
@: no status effects
A: large, unfitting armour, claws 3, regeneration 1, shaggy fur 1, tough skin 1
a: no special abilities


You were on level 4 of the Dungeon.
You visited 1 branch of the dungeon, and saw 4 of its levels.

You collected 211 gold pieces.

Inventory:

Armour
 a - a +0 robe (worn)
 b - a +0 kite shield (worn)
Jewellery
 h - a ring of protection from fire (left claw)
Talismans
 e - a beast talisman
 f - a maw talisman
Wands
 p - a wand of charming (8)
Scrolls
 g - 2 scrolls of blinking {unknown}
 l - a scroll of immolation {unknown}
 o - a scroll of teleportation {unknown}
 q - 3 scrolls of identify {unknown}
Potions
 c - a potion of might
 d - a potion of haste {unknown}
 i - 3 potions of mutation {unknown}
 j - a potion of heal wounds {unknown}
 k - 2 potions of degeneration {unknown}
 m - a potion of berserk rage {unknown}
 n - a potion of attraction {unknown}
 r - a potion of enlightenment {unknown}
 s - 2 potions of invisibility {unknown}


   Skills:
 + Level 2.9 Fighting
 + Level 3.5 Dodging
 + Level 0.3 Stealth
 + Level 3.5 Shields
 + Level 3.9 Unarmed Combat


You had 4 spell levels left.
You didn't know any spells.
Your spell library contained the following spells:

 Spells                   Type           Power      Damage    Failure   Level
 Dazzling Flash           Conj/Hex       0%         N/A       98%         3
 Mephitic Cloud           Conj/Alch/Air  0%         N/A       98%         3
 Curse of Agony           Necr           0%         N/A       100%        5
 Silence                  Hex/Air        0%         N/A       100%        5


Dungeon Overview and Level Annotations

Branches:
Dungeon (4/15)
 Temple: D:4-7

Altars:
Dithmenos
Elyvilon
Trog

Shops:
D:3 :


Innate Abilities, Weirdness & Mutations

You are too large for most types of armour.
You have claws for hands.
Your natural rate of healing is unusually fast.
You are covered in fur. (AC +1)
You have tough skin. (AC +1)


Message History

You closely miss the orc. The orc hits you but does no damage.
The orc barely misses you. You block the orc wizard's attack.
You scratch the orc.
The orc is lightly wounded.
The orc hits you but does no damage.
The orc wizard hits you from afar with a +0 spear.
You closely miss the orc.
The orc is lightly wounded.
The orc hits you with a +0 dagger.
The orc wizard hits you from afar with a +0 spear.
You block the orc's attack.
You claw the orc!
You kill the orc!
The orc barely misses you.
The orc wizard hits you from afar with a +0 spear.
The ogre hits you with a +0 giant club!!
You are too injured to fight recklessly!
You are too injured to fight recklessly!
You are too injured to fight recklessly!
You are too injured to fight recklessly!
You are too injured to fight recklessly!
You are too injured to fight recklessly!
You are too injured to fight recklessly!
You are too injured to fight recklessly!
You are too injured to fight recklessly!
You are too injured to fight recklessly!
You are too injured to fight recklessly!
You are too injured to fight recklessly!
You are too injured to fight recklessly!
You are too injured to fight recklessly!
You are too injured to fight recklessly!
You are too injured to fight recklessly!
Unknown command.
Okay, then.
You scratch the ogre but do no damage. The orc closely misses you.
You block the orc's attack.
The orc wizard hits you but does no damage.
The ogre hits you with a +0 giant club!!
Ouch! That really hurt!
You die...

####.........#
.....#.......#
....#####....## .##.
#.....## ## #+
####.##..##########.
#.................'.
#....###.#####...##.
#.O..# #..# #...###
#.o@.# ##.# #...#
#..o.# #.####...#
...o#### #...##...#
# #.... ###......# #
#.... #...#### #
#... #...# # #...
#...#### # #..
#......# #
######.###


You could see an ogre, an orc wizard and 2 orcs.

Vanquished Creatures
  2 orc priests (D:4)
  An orc wizard (D:4)
  5 adders
  4 dart slugs
  A ribbon worm (D:3)
  8 orcs
  3 bats (D:3)
  6 endoplasms
  8 giant cockroaches
  6 hobgoblins
  10 jackals
  6 kobolds
  2 quokkas
  4 ball pythons
  2 frilled lizards
  6 goblins
  3 rats
  A spectral goblin (D:2)
78 creatures vanquished.

Notes
Turn   | Place    | Note
-------+----------+-------------------------------------------
     0 | D:1      | CraigForest the Troll Fighter began the quest for the Orb.
     0 | D:1      | Reached XP level 1. HP: 22/22 MP: 0/0
   295 | D:1      | Reached XP level 2. HP: 29/29 MP: 1/1
   497 | D:1      | Upgraded the game from 0.32-a0-747-gc8563f6773 to
                  | 0.32-a0-938-g40ac7a0f4d
   749 | D:2      | Reached XP level 3. HP: 36/36 MP: 2/2
  1404 | D:2      | Reached XP level 4. HP: 40/44 MP: 3/3
  1418 | D:2      | Found a faded altar of an unknown god.
  1674 | D:3      | Found a bloodstained altar of Trog.
  1771 | D:3      | Found a shadowy altar of Dithmenos.
  1919 | D:3      | Found Xefrur's Vocational Training.
  1952 | D:3      | Found a white marble altar of Elyvilon.
  2351 | D:4      | Reached XP level 5. HP: 25/52 MP: 4/4
  2784 | D:4      | Noticed an ogre
  2791 | D:4      | Slain by an ogre

Illustrated notes

Levels and vault maps discovered:
D:1:      ncdulo_lavacross, layout_basic
D:2:      layout_basic, dreamdust_ecumenical_altar_drowned_temple
D:3:      layout_rooms, lemuel_coloured_pillars_altar,
          mainiacjoe_overflow_surrounded_room, lemuel_crystal_altar,
          nicolae_shop_vocational
D:4:      layout_basic, gammafunk_ghost_necromancy

Skill      XL: |  1  2  3  4 |
---------------+-------------+-----
Shields        | 3 |  3.5
Dodging        | 3 |  3.5
Unarmed Combat | 3 |  3.9
Fighting       | |  2.9
Stealth        | |  0.3

Action                     |  1- 3 |  4- 6 || total
---------------------------+-------+-------++-------
  Melee: Unarmed           |    68 |   144 ||   212
 Armour: Robe              |    27 |    86 ||   113
  Dodge: Dodged            |    15 |    51 ||    66
  Block: Kite shield       |    28 |    47 ||    75

Table legend: (Time is in decaauts)
 A = Elapsed time spent in this place.
 B = Non-inter-level travel time spent in this place.
 C = Inter-level travel time spent in this place.
 D = Time resting spent in this place.
 E = Time spent auto-exploring this place.
 F = Levels seen in this place.
 G = Mean time per level.
                   A        B        C        D        E       F      G
               +--------+--------+--------+--------+--------+-----+--------+
         Total |   2801 |   2704 |     97 |      0 |   1717 |   4 |  700.2 |
       Dungeon |   2801 |   2704 |     97 |      0 |   1717 |   4 |  700.2 |
               +--------+--------+--------+--------+--------+-----+--------+

Top non-repeatable levels by time:
     D:2: 888 daAuts
     D:1: 727 daAuts
     D:4: 680 daAuts
     D:3: 505 daAuts
